 Dungeon Crawl Stone Soup version 0.21-a0-437-ge5bf024 (webtiles) character file.

191 namelastname112 the Gusty (level 5, 0/28 HPs)
             Began as a Tengu Air Elementalist on Nov 9, 2017.
             Killed by divine providence
             ... invoked by an orc priest
              (16 damage)
             ... on level 3 of the Dungeon.
             The game lasted 00:03:22 (1997 turns).

namelastname112 the Gusty (Tengu Air Elementalist)  Turns: 1997, Time: 00:03:22

Health: 0/28       AC:  2    Str:  5 (8)  XL:     5   Next: 70%
Magic:  20/20      EV: 12    Int: 14 (17) God:
Gold:   150        SH:  0    Dex: 12 (14) Spells: 5/10 levels left

rFire    . . .     SeeInvis .   q - +1 dagger (venom)
rCold    . . .     Gourm    .   (no shield)
rNeg     . . .     Faith    .   a - +0 robe
rPois    .         Spirit   .   (helmet restricted)
rElec    .         Reflect  .   (no cloak)
rCorr    .         Harm     .   (no gloves)
MR       .....                  (boots unavailable)
Stlth    ++........             (no amulet)
HPRegen  0.09/turn              i - ring of magical power
MPRegen  0.17/turn              (no ring)

@: no status effects
A: beak, talons 3, able to fly 1
a: Fly


You were on level 3 of the Dungeon.
You were not hungry.

You visited 1 branch of the dungeon, and saw 3 of its levels.

You collected 150 gold pieces.

Inventory:

Hand Weapons
 q - a +1 dagger of venom (weapon)
Armour
 a - a +0 robe (worn)
Jewellery
 i - a ring of magical power (left hand)
Scrolls
 g - a scroll of immolation {unknown}
 j - a scroll of remove curse {unknown}
 k - 6 scrolls of identify {unknown}
 m - a scroll of fog {unknown}
 o - a scroll of recharging {unknown}
 p - a scroll of blinking {unknown}
Potions
 h - a potion of lignification {unknown}
 n - a potion of berserk rage {unknown}
 r - a potion of curing {unknown}
 s - a potion of degeneration
Books
 b - a book of Air

   Spells                             Type                      Level
   a - Shock                          Conjuration/Air              1
   b - Swiftness                      Charms/Air                   2
   c - Static Discharge               Conjuration/Air              3
   d - Airstrike                      Air                          4
   e - Lightning Bolt                 Conjuration/Air              5
Comestibles
 c - 2 bread rations
 d - a meat ration
 f - 2 chunks of flesh
 l - 3 royal jellies


   Skills:
 - Level 2.1 Dodging
 - Level 2.0 Stealth
 + Level 3.4 Spellcasting
 + Level 4.2 Conjurations
 + Level 5.7 Air Magic


You had 5 spell levels left.
You knew the following spells:

 Your Spells              Type           Power        Failure   Level  Hunger
c - Airstrike             Air            ###.......   21%         4    #####..
z - Shock                 Conj/Air       ###.         2%          1    #......


Dungeon Overview and Level Annotations

Branches:
Dungeon (3/15)

Altars:
Xom


Innate Abilities, Weirdness & Mutations

You have a beak for a mouth.
You have claws for feet.
You can fly.


Message History

You regained 4 hp, and now have 11/28 hp.
You regained 5 mp, and now have 17/20 mp.
The orc priest calls down the wrath of Beogh upon you.
Pain shoots through your body!
* * * LOW HITPOINT WARNING * * *
You take 3 damage, and have 8/28 hp.
MP restored: 20 You're too confused to move!
The orc priest barely misses you.
You regained 4 hp, and now have 12/28 hp.
You bump into the rock wall.
You regained 4 hp, and now have 16/28 hp.
You bump into the rock wall.
You feel less invigorated.
You feel less confused. The orc priest hits you with a war axe.
You hit the orc priest.
The orc priest is poisoned.
You claw the orc priest.
The orc priest is heavily wounded.
The orc priest calls down the wrath of Beogh upon you.
Beogh smites you!
Ouch! That really hurt!
You die...

#.# #.#.# #.#
#.#.# #.#
#.#.# #.#
#.#.# #.#
#.#.#
#.###.#.###.##
#.....)......#
#####o#.######
#@#... #.#####
#.. ####


You could see an orc priest.

Vanquished Creatures
  An orc wizard (D:3)
  Jessica (D:2)
  Terence (D:3)
  Robin (D:2)
  2 adders
  An ooze (D:3)
  A worm (D:2)
  A dart slug (D:2)
  A leopard gecko (D:2)
  3 orcs (D:3)
  3 giant cockroaches
  12 goblins
  8 hobgoblins
  4 kobolds
  A ball python (D:1)
  7 bats
  6 frilled lizards
  2 rats (D:3)
56 creatures vanquished.

Vanquished Creatures (others)
  An orc wizard (D:3)
1 creature vanquished.

Grand Total: 57 creatures vanquished

Notes
Turn   | Place    | Note
-------+----------+-------------------------------------------
     0 | D:1      | namelastname112 the Tengu Air Elementalist began the quest for the Orb.
     0 | D:1      | Reached XP level 1. HP: 10/10 MP: 4/4
   377 | D:1      | Reached XP level 2. HP: 15/15 MP: 6/6
   715 | D:2      | Reached XP level 3. HP: 19/19 MP: 7/7
   735 | D:2      | Noticed Jessica
   738 | D:2      | Killed Jessica
   910 | D:2      | Reached XP level 4. HP: 24/24 MP: 9/9
   923 | D:2      | Reached skill level 5 in Air Magic
   936 | D:2      | Noticed Robin
   945 | D:2      | Killed Robin
  1403 | D:3      | Noticed a hippogriff
  1434 | D:2      | Learned a level 4 spell: Airstrike
  1586 | D:3      | Gained mutation: You can fly. [Tengu growth]
  1586 | D:3      | Reached XP level 5. HP: 28/28 MP: 10/10
  1904 | D:3      | Found a shimmering altar of Xom.
  1944 | D:3      | Noticed Terence
  1955 | D:3      | Killed Terence
  1997 | D:3      | Killed from afar by an orc priest

Vault maps used:
D:1:      grunt_arrival_crossed_arrows
D:2:      uniq_robin, uniq_jessica
D:3:      lemuel_coloured_pillars_altar, st_stairs_5, uniq_terence

Skill      XL: |  1  2  3  4  5 |
---------------+----------------+-----
Conjurations   | 2 3 4 |  4.2
Air Magic      | 5 |  5.7
Spellcasting   | 3 |  3.4
Dodging        | |  2.1
Stealth        | |  2.0

Action                   |  1- 3 |  4- 6 || total
-------------------------+-------+-------++-------
Melee: Dagger            |     6 |     3 ||     9
       Kick              |     2 |     2 ||     4
 Cast: Shock             |    45 |    72 ||   117
  Use: Potion            |       |     2 ||     2
  Eat: Chunk             |       |     4 ||     4
Armor: Robe              |     1 |       ||     1
Dodge: Dodged            |     6 |    14 ||    20

Table legend:
 A = Spawn XP
 B = Non-spawn XP
 C = Spawn XP percentage of total XP
 D = Spawn monster count
 E = Non-spawn monster count
 F = Spawn count percentage of total count
 G = Total turns spent on level
                    A         B        C        D         E        F      G
               +---------+---------+-------+---------+---------+-------+---------
         Total |       0 |     274 |   0.0 |       0 |      57 |   0.0 |  1997
               +---------+---------+-------+---------+---------+-------+---------
           D:1 |       0 |      19 |   0.0 |       0 |      13 |   0.0 |   612
           D:2 |       0 |     108 |   0.0 |       0 |      23 |   0.0 |   803
           D:3 |       0 |     147 |   0.0 |       0 |      21 |   0.0 |   582
               +---------+---------+-------+---------+---------+-------+---------
